 Dungeon Crawl Stone Soup version 0.30.1-11-g7821555f0a (webtiles) character file.

Game seed: 7145991938150008655

158281 Peloso the Fencer (level 17, -14/163 HPs)
             Began as a Minotaur Fighter on Dec 30, 2023.
             Was the Champion of Okawaru.
             Killed from afar by a starcursed mass (19 damage)
             ... with an accursed screaming
             ... while paralysed by accursed screaming
             ... on level 3 of the Abyss.
             The game lasted 01:12:53 (26823 turns).

Peloso the Fencer (Minotaur Fighter)               Turns: 26823, Time: 01:12:53

Health: -14/163    AC: 43    Str: 19 (20) XL:     17   Next: 14%
Magic:  17/17      EV:  2    Int: -1 (1)  God:    Okawaru [******]
Gold:   2239       SH:  0    Dex: 19      Spells: 16/16 levels left

rFire   . . .        a - +2 double sword (protect)
rCold   . . .        d - +0 tower shield
rNeg    . . .        O - +8 crystal plate armour of the Untouchables {Regen+}
rPois   .            W - +2 hat
rElec   .            K - +1 cloak {rCorr}
rCorr   +            E - +2 pair of gloves {Stlth+}
SInv    .            Z - +0 pair of boots of Relativism {Drain Will+ Regen+ Str+2}
Will    ++...        i - amulet of regeneration Stlth
                     f - +6 ring of dexterity
HPRegen 2.87/turn    q - ring of resist corrosion
MPRegen 0.15/turn

%: random rage (3%)
@: paralysed, under a protective aura, on berserk cooldown, slowed, lost
intelligence, unable to read
A: horns 2, retaliatory headbutt, [berserk 1], [clumsy 2], [deformed body],
[deterioration 2], [dopey 2], [screaming 2], [weak 2], [no potion heal 1],
[subdued magic 2]
a: Renounce Religion, Heroism, Finesse, Duel


You were on level 3 of the Abyss.
You worshipped Okawaru.
Okawaru was exalted by your worship.
You visited 5 branches of the dungeon, and saw 26 of its levels.
You visited the Abyss 1 time.
You also visited: Ossuary.

You collected 2704 gold pieces.
You spent 465 gold pieces at shops.

Inventory:

Hand Weapons
 a - a +2 double sword of protection (weapon)
 b - a +2 demon blade of electrocution
 c - a +2 scimitar of flaming
 G - the +3 long sword of the Shrike {freeze, rPois rN+ SInv}
   (Okawaru gifted it to you on level 2 of the Elven Halls)

   rPois:     It protects you from poison.
   rN:        It protects you from negative energy.
   SInv:      It lets you see invisible.
 X - a +6 scimitar of holy wrath
Missiles
 s - a throwing net (quivered)
Armour
 d - a +0 tower shield (worn)
 u - the +10 crystal plate armour of the Rose {rF+}
   (Okawaru gifted it to you on level 5 of the Lair of Beasts)

   rF:        It protects you from fire.
 E - a +2 pair of gloves of stealth (worn)
 K - a +1 cloak of preservation (worn)
 O - the +8 crystal plate armour of the Untouchables (worn) {Regen+}
   (Okawaru gifted it to you on level 3 of the Elven Halls)

   Regen:     It increases your rate of health regeneration.
 W - a +2 hat (worn)
 Z - the +0 pair of boots of Relativism (worn) {Drain Will+ Regen+ Str+2}
   (You acquired it on level 1 of the Elven Halls)

   Str:       It affects your strength (+2).
   Regen:     It increases your rate of health regeneration.
   Drain:     It drains your maximum health when unequipped.
   Will:      It increases your willpower.
Jewellery
 f - a +6 ring of dexterity (left hand)
 h - an amulet of the acrobat
 i - an amulet of regeneration (around neck)
 n - a +6 ring of intelligence
 q - a ring of resist corrosion (right hand)
 F - a ring of protection from cold
 L - an amulet of reflection
 R - a ring of fire
 S - the ring "Rowef" {rC+ Int+3 Dex+4}
   (You found it on level 3 of the Elven Halls)

   [ring of protection from cold]

   Int:       It affects your intelligence (+3).
   Dex:       It affects your dexterity (+4).
   rC:        It protects you from cold.
Wands
 w - a wand of polymorph (18)
 A - a wand of paralysis (4)
 C - a wand of quicksilver (11)
 P - a wand of iceblast (4)
Scrolls
 g - 6 scrolls of teleportation
 k - 7 scrolls of fog
 l - 5 scrolls of amnesia
 o - 3 scrolls of fear
 p - a scroll of acquirement
 v - 7 scrolls of identify
 x - 3 scrolls of immolation
 y - 3 scrolls of blinking
 H - 2 scrolls of enchant armour
 J - 2 scrolls of magic mapping
 Y - 3 scrolls of silence
Potions
 e - 4 potions of haste
 m - 15 potions of curing
 r - 6 potions of flight
 t - 3 potions of berserk rage
 z - 5 potions of resistance
 B - a potion of brilliance
 D - 8 potions of might
 I - 4 potions of heal wounds
 M - a potion of ambrosia
 N - 2 potions of invisibility
 Q - 2 potions of mutation


   Skills:
 + Level 18.0 Fighting
 + Level 19.6 Long Blades
 + Level 17.7 Armour
 + Level 5.4 Dodging
 + Level 1.9 Stealth
 + Level 19.0 Shields
 + Level 2.3 Invocations
 + Level 2.2 Evocations


You had 16 spell levels left.
You didn't know any spells.
Your spell library contained the following spells:

 Spells                   Type           Power      Damage    Failure   Level
 Apportation              Tloc           0%         N/A       100%        1
 Magic Dart               Conj           0%         1d3       100%        1
 Necrotise                Necr           0%         1d4       100%        1
 Sandblast                Erth           0%         2d4       100%        1
 Slow                     Hex            0%         N/A       100%        1
 Sting                    Tmut/Pois      0%         1d3       100%        1
 Blink                    Tloc           0%         N/A       100%        2
 Cigotuvi's Dreadful Rot  Necr/Pois/Air  0%         N/A       100%        2
 Ensorcelled Hibernation  Hex/Ice        0%         N/A       100%        2
 Lesser Beckoning         Tloc           0%         N/A       100%        2
 Momentum Strike          Conj/Tloc      0%         3d8       100%        2
 Passwall                 Tmut/Erth      0%         N/A       100%        2
 Scorch                   Fire           0%         2d5       100%        2
 Sublimation of Blood     Necr           0%         N/A       100%        2
 Wereblood                Tmut           0%         N/A       100%        2
 Confusing Touch          Hex            0%         N/A       100%        3
 Dazzling Flash           Conj/Hex       0%         N/A       100%        3
 Hailstorm                Conj/Ice       0%         3d3       100%        3
 Inner Flame              Hex/Fire       0%         N/A       100%        3
 Mephitic Cloud           Conj/Pois/Air  0%         N/A       100%        3
 Portal Projectile        Hex/Tloc       0%         N/A       100%        3
 Swiftness                Air            0%         N/A       100%        3
 Vampiric Draining        Necr           0%         2d6       100%        3
 Vhi's Electric Charge    Tloc/Air       0%         N/A       100%        3
 Volatile Blastmotes      Fire/Tloc      0%         2d10      100%        3
 Flame Wave               Conj/Fire      0%         2d4       100%        4
 Ice Form                 Ice/Tmut       0%         N/A       100%        4
 Leda's Liquefaction      Hex/Erth       0%         N/A       100%        4
 Agony                    Necr           0%         N/A       100%        5
 Alistair's Intoxication  Tmut/Pois      0%         N/A       100%        5
 Arcjolt                  Conj/Air       0%         1d10      100%        5
 Borgnjor's Vile Clutch   Necr/Erth      0%         N/A       100%        5
 Fireball                 Conj/Fire      0%         3d3       100%        5
 Freezing Cloud           Conj/Ice/Air   0%         6-21      100%        5
 Irradiate                Conj/Tmut      0%         3d11      100%        5
 Iskenderun's Battlesphe  Conj           0%         2d6       100%        5
 Silence                  Hex/Air        0%         N/A       100%        5
 Conjure Ball Lightning   Conj/Air       0%         3x3d6     100%        6
 Dispersal                Tloc           0%         N/A       100%        6
 Eringya's Noxious Bog    Tmut/Pois      0%         N/A       100%        6
 Statue Form              Tmut/Erth      0%         N/A       100%        6
 Orb of Destruction       Conj           0%         9d5       100%        7
 Ozocubu's Refrigeration  Ice            0%         4d7       100%        7
 Storm Form               Tmut/Air       0%         N/A       100%        7
 Maxwell's Capacitive Co  Air            0%         ∞         100%        8
 Call Imp                 Summ           Unusable   N/A       N/A         2
 Call Canine Familiar     Summ           Unusable   N/A       N/A         3
 Summon Ice Beast         Ice/Summ       Unusable   N/A       N/A         4
 Summon Lightning Spire   Summ/Air       Unusable   N/A       N/A         4
 Simulacrum               Ice/Necr       Unusable   N/A       N/A         6
 Summon Cactus Giant      Summ           Unusable   N/A       N/A         6
 Malign Gateway           Summ/Tloc      Unusable   N/A       N/A         7
 Summon Hydra             Summ           Unusable   N/A       N/A         7

Dungeon Overview and Level Annotations

Branches:
Dungeon (15/15)            Temple (0/1) D:6            Lair (5/5) D:11
 Shoals (0/4) Lair:2       Spider (1/4) Lair:3        Slime (0/5) Lair:4
    Orc (2/2) D:9             Elf (3/3) Orc:2        Vaults (0/5) D:13
 Depths (0/4) D:15        Ossuary (visited)

Altars:
Cheibriados
Dithmenos
Elyvilon
Fedhas
Hepliaklqana
Kikubaaqudgha
Okawaru
Sif Muna
Vehumet
Wu Jian
Xom
Zin
The Shining One

Shops:
D:1 :   D:8 (=   D:14 [(?*   Orc:2 *!*(   Elf:1 (

Portals:
Trove: D:12 (give +2 storm dragon scales)

Annotations:
D:9 Dig
Orc:2 Casa
Elf:2 3 runed translucent doors


Innate Abilities, Weirdness & Mutations

You have a pair of horns on your head.
You reflexively headbutt those who attack you in melee.
[You sometimes lose your temper in combat.]
[You are very clumsy. (Dex -4)]
[Armour fits poorly on your strangely shaped body.]
[Your body often deteriorates upon taking damage.]
[You are very dopey. (Int -4)]
[You frequently scream uncontrollably at your foes.]
[You are very weak. (Str -4)]
[Potions are less effective at restoring your health.]
[Your spells are easier to cast, but less powerful.]


Message History

Your connection to magic feels more subdued.
The blizzard demon barely misses you. You furiously retaliate!
You headbutt the blizzard demon! You block the blizzard demon's attack.
The starcursed mass touches you.
* * * LOW HITPOINT WARNING * * *
You slice the wretched star!!
You destroy the wretched star!
Okawaru accepts your kill. The yellow draconian barely misses you.
A small abomination comes into view.
The starcursed mass touches you but does no damage.
The starcursed mass barely misses you. You block the starcursed mass's attack.
You block the blizzard demon's attack.
The blizzard demon hits you but does no damage.
The starcursed mass touches you but does no damage.
The yellow draconian spits acid at you. The glob of acid hits you! You resist.
* * * LOW HITPOINT WARNING * * *
You feel your intelligence returning.
Your Shields skill increases to level 19!
You barely miss the efreet.
A cacophony of accursed wailing tears at your sanity!
* * * LOW HITPOINT WARNING * * *
You suddenly lose the ability to move!
The efreet hits you but does no damage. The starcursed mass touches you.
* * * LOW HITPOINT WARNING * * *
The starcursed mass touches you but does no damage.
The blizzard demon barely misses you. The blizzard demon hits you.
* * * LOW HITPOINT WARNING * * *
A ynoxinul comes into view.
The starcursed mass touches you but does no damage.
The yellow draconian hits you but does no damage.
The ynoxinul bellows!
The efreet hits you with a +4 scimitar of flaming!
* * * LOW HITPOINT WARNING * * *
The efreet burns you.
* * * LOW HITPOINT WARNING * * *
The starcursed mass touches you but does no damage.
A cacophony of accursed wailing tears at your sanity!
You die...

.. .○ . ... ...
..3....... . #.##
#.. #X.##..# ..##
...
##.x##..##..##..#
.. ........○
....... .
............... .#
. # #.X##..## .#
..
##..##○2#XX.##.. #
#
.......R@XXX.....#
......dXXXX....
#...
##..##...#X.##..
... . #.. #..##..#
..#. ... ...
.......... #. . #
.#..##...#..###..
. . .#....#. v ##v
## # ...# .#..#
##. v ## ...## ##


You could see 12 starcursed masses, a yellow draconian (catching breath), a
blizzard demon, an efreet, a ynoxinul and a small abomination.

Vanquished Creatures
  A deep elf blademaster (Elf:3)
  A tentacled starspawn (Abyss:3)
  The ghost of Ewe Xiki the Bludgeoner, an adept HuBe of Trog (D:15)
  Gastronok (Lair:1)
  Roxanne (Elf:2)
  An emperor scorpion (Spider:1)
  A very ugly thing (D:12)
  Nessos (Lair:4)
  3 deep elf annihilators (Elf:3)
  A deep elf high priest (Elf:3)
  An entropy weaver (Spider:1)
  A rakshasa (D:15)
  13 hydras
  Erolcha (D:11)
  Erica (D:8)
  A vault guard (D:13)
  6 catoblepae
  A death knight (D:14)
  A two-headed ogre (D:12)
  7 centaur warriors
  5 boulder beetles
  15 dancing weapons
  3 tengu warriors
  3 orc high priests
  A titan zombie (Abyss:3)
  12 death yaks
  Urug (D:11)
  The ghost of Borsukrates the Carver, a novice DrGl of Uskayaw (D:8)
  9 deep elf knights
  4 wretched stars (Abyss:3)
  3 pharaoh ants
  An orb spider (Spider:1)
  2 glowing orange brains
  A steelbarb worm (Spider:1)
  18 deep elf pyromancers
  Pikel (D:7)
  17 deep elf zephyrmancers
  10 deep elf archers
  9 wolf spiders
  A moth of wrath (Spider:1)
  A wolf spider (shapeshifter) (D:15)
  2 oklob plants (D:13)
  4 cyclopes
  6 orc sorcerers
  6 ugly things
  4 manticores
  13 cane toads
  4 torpor snails
  A black mamba (Lair:2)
  An apocalypse crab (Abyss:3)
  3 demonic crawlers (Spider:1)
  2 gargoyles (D:12)
  2 unseen horrors (D:12)
  2 rime drakes
  2 efreet
  A kobold demonologist (D:10)
  6 komodo dragons
  Maggie (D:8)
  A tormentor (Abyss:3)
  3 meliai (D:14)
  An ancient zyme (Abyss:3)
  7 trolls
  4 polar bears
  12 tarantellas
  A hornet (shapeshifter) (D:14)
  A dream sheep (shapeshifter) (Elf:2)
  28 blink frogs
  6 jumping spiders
  Sigmund (D:5)
  A centaur simulacrum (D:14)
  7 slime creatures
  2 water elementals (Elf:2)
  A ynoxinul (Abyss:3)
  9 culicivoras
  4 air elementals
  A vampire (D:12)
  7 basilisks
  4 large abominations (Abyss:3)
  5 wraiths
  6 wyverns
  3 fire elementals
  A hog (shapeshifter) (Elf:3)
  91 yaks
  Eustachio (D:6)
  2 neqoxecs (Abyss:3)
  12 redbacks
  11 humans (D:13)
  A steam dragon (D:7)
  5 wargs
  12 vampire mosquitoes
  Duvessa (D:7)
  3 acid dragons
  11 water moccasins
  A floating eye (D:13)
  5 black bears
  20 orc warriors
  2 ice beasts
  11 wolves
  3 ogres
  8 centaurs
  2 small abominations (Abyss:3)
  2 lemures (D:7)
  4 kobold brigands
  A phantom (D:6)
  14 bullfrogs
  3 gnoll sergeants
  3 earth elementals
  2 scorpions
  16 wights
  Dowan (D:7)
  10 killer bees
  4 electric eels
  2 howler monkeys (D:10)
  2 vampire bats (D:5)
  4 quasits
  16 jellies
  13 orc priests
  8 starcursed masses (Abyss:3)
  Crazy Yiuf (D:7)
  7 hounds
  An iron imp (Abyss:3)
  Jessica (D:2)
  2 iguanas
  34 orc wizards
  3 mummies (Ossuary)
  8 gnolls
  7 adders
  4 shadow imps
  8 white imps
  5 ufetubi
  2 dart slugs
  53 orcs
  6 ball pythons
  11 bats
  9 endoplasms
  A giant cockroach (D:4)
  A gnoll zombie (Ossuary)
  5 goblins
  5 hobgoblins
  2 jackals (D:3)
  18 kobolds
  4 quokkas
  4 frilled lizards
  5 goblin zombies (Ossuary)
  4 hobgoblin zombies (Ossuary)
  4 rats
  A starspawn tentacle (Abyss:3)
862 creatures vanquished.

Vanquished Creatures (others)
  A deep elf knight (Elf:3)
  A spatial maelstrom (Abyss:3)
  A culicivora (Spider:1)
  A fire elemental (Elf:2)
  3 orc wizards
  An ufetubus (Abyss:3)
  3 starspawn tentacles (Abyss:3)
11 creatures vanquished.

Grand Total: 873 creatures vanquished

Notes
Turn   | Place    | Note
-------+----------+-------------------------------------------
     0 | D:1      | Peloso the Minotaur Fighter began the quest for the Orb.
     0 | D:1      | Reached XP level 1. HP: 19/19 MP: 0/0
    56 | D:1      | Found Icainiq's Vocational Training.
   215 | D:1      | Reached XP level 2. HP: 26/27 MP: 1/1
   822 | D:2      | Noticed Jessica
   831 | D:2      | Killed Jessica
   832 | D:2      | Reached XP level 3. HP: 24/33 MP: 2/2
   962 | D:2      | Reached XP level 4. HP: 41/41 MP: 3/3
  1318 | D:3      | Reached XP level 5. HP: 44/47 MP: 4/4
  1342 | D:3      | Found an iron altar of Okawaru.
  1353 | D:3      | Became a worshipper of Warmaster Okawaru
  1654 | D:3      | Found a snail-covered altar of Cheibriados.
  1910 | D:4      | Reached skill level 5 in Armour
  1910 | D:4      | Identified the +1 leather armour "Wenkezuoth" {rPois Str+2
                  | Dex-5}
  2212 | D:5      | Entered Level 5 of the Dungeon
  2226 | D:5      | Noticed a black bear
  2245 | D:5      | Killed a black bear
  2246 | D:5      | Reached skill level 5 in Long Blades
  2246 | D:5      | Reached skill level 1 in Dodging
  2246 | D:5      | Reached skill level 5 in Shields
  2246 | D:5      | Reached XP level 6. HP: 51/53 MP: 5/5
  2257 | D:5      | Found a sand-covered staircase.
  2261 | Ossuary  | Entered an ossuary
  2261 | Ossuary  | Noticed a wraith
  2261 | Ossuary  | Noticed a wraith
  2261 | Ossuary  | Noticed a wraith
  2303 | Ossuary  | Noticed a wraith
  2309 | Ossuary  | Killed a wraith
  2333 | Ossuary  | Reached * piety under Okawaru
  2701 | D:5      | Reached XP level 7. HP: 20/60 MP: 6/6
  2761 | D:5      | Reached skill level 5 in Fighting
  2889 | D:5      | Found an ornate altar of the Wu Jian Council.
  2890 | D:5      | Found a shimmering altar of Xom.
  2916 | D:5      | Noticed Sigmund
  2975 | D:6      | Found a glowing silver altar of Zin.
  3173 | D:6      | Found a glowing golden altar of the Shining One.
  3181 | D:6      | Found a white marble altar of Elyvilon.
  3214 | D:6      | Noticed Eustachio
  3238 | D:6      | Killed Eustachio
  3239 | D:6      | Reached XP level 8. HP: 41/70 MP: 7/7
  3470 | D:6      | Reached ** piety under Okawaru
  3522 | D:6      | Found a staircase to the Ecumenical Temple.
  3722 | D:6      | Found a shadowy altar of Dithmenos.
  3722 | D:6      | Found a hazy altar of Hepliaklqana.
  3801 | D:5      | Killed Sigmund
  4289 | D:7      | Reached XP level 9. HP: 78/78 MP: 8/8
  4372 | D:7      | Reached *** piety under Okawaru
  4395 | D:7      | Noticed Pikel
  4411 | D:7      | Killed Pikel
  4412 | D:7      | Reached skill level 10 in Long Blades
  4515 | D:7      | Found a shimmering blue altar of Sif Muna.
  4649 | D:7      | Noticed Dowan
  4650 | D:7      | Noticed Duvessa
  4655 | D:7      | Killed Dowan
  4659 | D:7      | Killed Duvessa
  5102 | D:7      | Found a runed translucent door.
  5103 | D:7      | Noticed Crazy Yiuf
  5364 | D:7      | Killed Crazy Yiuf
  5527 | D:8      | Noticed Maggie
  5538 | D:8      | Killed Maggie
  5583 | D:8      | Reached **** piety under Okawaru
  5584 | D:8      | Reached XP level 10. HP: 88/88 MP: 9/9
  5786 | D:8      | Found a runed translucent door.
  5786 | D:8      | Noticed Borsukrates's ghost (novice DrGl)
  5821 | D:8      | Noticed Erica
  5849 | D:8      | Killed Erica
  5850 | D:8      | Reached skill level 1 in Stealth
  5868 | D:8      | Reached skill level 1 in Invocations
  6064 | D:8      | Found Kaudeovilo's Antique Weapon Shoppe.
  6244 | D:8      | Found Yqepil's Jewellery Boutique.
  6520 | D:9      | Found a staircase to the Orcish Mines.
  6527 | D:9      | Reached skill level 10 in Armour
  6545 | D:9      | Reached ***** piety under Okawaru
  6784 | D:10     | Entered Level 10 of the Dungeon
  6842 | D:10     | Reached skill level 10 in Fighting
  6975 | D:10     | Noticed a soul eater
  7007 | D:10     | Reached XP level 11. HP: 84/101 MP: 9/11
  7112 | D:10     | Found a blossoming altar of Fedhas.
  7389 | D:10     | Identified the +10 dagger "Impbane" {freeze, rPois rCorr}
  7655 | D:11     | Noticed a centaur warrior
  7680 | D:11     | Killed a centaur warrior
  7857 | D:11     | Found a staircase to the Lair.
  7886 | D:11     | Noticed Erolcha
  7892 | D:11     | Killed Erolcha
  7892 | D:11     | Received a gift from Okawaru
  8011 | D:11     | Reached ****** piety under Okawaru
  8012 | D:11     | Reached skill level 1 in Evocations
  8093 | D:11     | Noticed a white ugly thing
  8139 | D:11     | Killed a white ugly thing
  8361 | D:11     | Noticed a boulder beetle
  8375 | D:11     | Killed a boulder beetle
  8718 | Lair:1   | Entered Level 1 of the Lair of Beasts
  8718 | Lair:1   | Noticed Gastronok
  8734 | Lair:1   | Killed Gastronok
  8734 | Lair:1   | Identified the +2 triple crossbow "Killer Klown's Regret"
                  | {freeze, *Corrode rElec rC+ rN+} (Okawaru gifted it to you
                  | on level 1 of the Lair of Beasts)
  8734 | Lair:1   | Received a gift from Okawaru
  8735 | Lair:1   | Noticed a death yak
  8735 | Lair:1   | Noticed a death yak
  8736 | Lair:1   | Noticed Urug
  8743 | Lair:1   | Noticed a death yak
  8745 | Lair:1   | Noticed a death yak
  8757 | D:11     | Killed a death yak
  8758 | D:11     | Reached XP level 12. HP: 30/110 MP: 12/12
  8763 | D:11     | Killed a death yak
  8851 | D:11     | Killed a death yak
  8876 | D:11     | Killed Urug
  8914 | D:11     | Killed a death yak
  9157 | Lair:1   | Reached skill level 15 in Long Blades
  9254 | Lair:1   | Noticed a five-headed hydra
  9274 | Lair:1   | Killed a two-headed hydra
  9343 | Lair:1   | Identified the +0 plate armour "Keanwil" {Harm Will+ rCorr}
                  | (Okawaru gifted it to you on level 1 of the Lair of Beasts)
  9343 | Lair:1   | Received a gift from Okawaru
  9610 | Lair:2   | Found a staircase to the Shoals.
  9875 | Lair:2   | Reached XP level 13. HP: 97/119 MP: 13/13
 10460 | Lair:3   | Reached skill level 10 in Shields
 10677 | Lair:3   | Found a hole to the Spider Nest.
 10887 | Lair:3   | Identified the +3 long sword of the Exiled Mice {holy,
                  | Str-3 Dex+5}
 11101 | Lair:3   | Received a gift from Okawaru
 11698 | D:12     | Noticed a cyan very ugly thing
 11709 | D:12     | Killed a cyan very ugly thing
 11713 | D:12     | Reached skill level 5 in Dodging
 11930 | D:12     | Received a gift from Okawaru
 12532 | D:12     | Found a portal to a secret trove of treasure.
 12669 | Orc:1    | Entered Level 1 of the Orcish Mines
 12962 | Orc:2    | Entered Level 2 of the Orcish Mines
 13087 | Orc:2    | Found a radiant altar of Vehumet.
 13334 | Orc:2    | Reached XP level 14. HP: 87/132 MP: 14/14
 13469 | Orc:2    | Found a staircase to the Elven Halls.
 13578 | Orc:2    | Found Wynomp's Distillery.
 13578 | Orc:2    | Found Haesk's Antique Weapon Boutique.
 13579 | Orc:2    | Found Nycs's Assorted Antiques.
 13583 | Orc:2    | Found Asoer's General Store.
 13586 | Orc:2    | Bought a potion of degeneration for 13 gold pieces
 13590 | Orc:2    | Bought a scroll of enchant weapon for 127 gold pieces
 14116 | Lair:4   | Reached skill level 15 in Armour
 14229 | Lair:4   | Noticed Nessos
 14236 | Lair:4   | Killed Nessos
 14398 | Lair:4   | Found a staircase to the Slime Pits.
 14535 | Lair:4   | Received a gift from Okawaru
 15366 | Lair:5   | Entered Level 5 of the Lair of Beasts
 15614 | Lair:5   | Reached skill level 15 in Fighting
 15839 | Lair:5   | Identified the +10 crystal plate armour of the Rose {rF+}
                  | (Okawaru gifted it to you on level 5 of the Lair of Beasts)
 15839 | Lair:5   | Received a gift from Okawaru
 16162 | Lair:5   | Identified a scroll of acquirement
 17265 | D:13     | Reached XP level 15. HP: 83/143 MP: 15/15
 17566 | D:13     | Paralysed by a floating eye for 2 turns
 17577 | D:13     | Paralysed by a floating eye for 4 turns
 17580 | D:13     | Identified the +1 great sword "Afachagh" {freeze, rElec
                  | Int+4}
 17587 | D:13     | Paralysed by a floating eye for 4 turns
 17731 | D:13     | Received a gift from Okawaru
 17786 | D:13     | Found a gate to the Vaults.
 18135 | D:14     | Found Nuetar's Magic Scroll Emporium.
 18149 | D:14     | Bought a scroll of identify for 28 gold pieces
 18403 | D:14     | Found Ugax's Armour Shoppe.
 18423 | D:14     | Found Ruut's Weapon Shoppe.
 18814 | D:14     | Found Ceycalaz's Assorted Antiques.
 18918 | D:15     | Entered Level 15 of the Dungeon
 18964 | D:15     | Found a white marble altar of Elyvilon.
 19218 | D:15     | Found a staircase to the Depths.
 19262 | D:15     | Reached skill level 15 in Shields
 19637 | D:15     | Received a gift from Okawaru
 19701 | D:15     | Found a runed translucent door.
 19702 | D:15     | Noticed Ewe Xiki's ghost (adept HuBe)
 20512 | Elf:1    | Entered Level 1 of the Elven Halls
 20513 | Elf:1    | Acquired the +0 pair of boots of Relativism {Drain Will+
                  | Regen+ Str+2}
 20749 | D:8      | Killed Borsukrates's ghost
 21544 | D:15     | Killed Ewe Xiki's ghost
 21707 | Spider:1 | Entered Level 1 of the Spider Nest
 21707 | Spider:1 | Noticed an emperor scorpion
 21758 | Spider:1 | Killed an emperor scorpion
 21881 | Spider:1 | Identified the +6 short sword "Uloude" {drain, *Corrode rF+
                  | Will++ SInv}
 22376 | Spider:1 | Identified the +4 scale mail of Satisfaction {Str+3 Int+6}
                  | (Okawaru gifted it to you on level 1 of the Spider Nest)
 22376 | Spider:1 | Received a gift from Okawaru
 22468 | Spider:1 | Reached XP level 16. HP: 154/154 MP: 16/16
 23092 | Elf:1    | Paralysed by an air elemental for 1 turns
 23102 | Elf:1    | Found Qakeos's Antique Weapon Boutique.
 23391 | Elf:1    | Found an ancient bone altar of Kikubaaqudgha.
 23468 | Elf:1    | Got the Octavo of Overhead Enchantment
 23470 | Elf:1    | Got Sif Muna's Octavo of Orientation
 23471 | Elf:1    | Identified the +3 dagger of Chance {flame, rC+}
 24166 | Elf:2    | Found a runed translucent gate.
 24170 | Elf:2    | Found a runed translucent gate.
 24170 | Elf:2    | Found a runed translucent gate.
 24197 | Elf:2    | Identified the +3 long sword of the Shrike {freeze, rPois
                  | rN+ SInv} (Okawaru gifted it to you on level 2 of the Elven
                  | Halls)
 24197 | Elf:2    | Received a gift from Okawaru
 24505 | Elf:2    | Identified Roxanne's Teachings on Changes
 24505 | Elf:2    | Noticed Roxanne
 24676 | Elf:2    | Paralysed by an air elemental for 1 turns
 25076 | D:14     | Bought a +1 cloak of preservation for 297 gold pieces
 25387 | Elf:2    | Killed Roxanne
 25471 | Elf:3    | Entered Level 3 of the Elven Halls
 25624 | Elf:3    | Identified the +8 crystal plate armour of the Untouchables
                  | {Regen+} (Okawaru gifted it to you on level 3 of the Elven
                  | Halls)
 25624 | Elf:3    | Received a gift from Okawaru
 26142 | Elf:3    | Noticed a deep elf blademaster
 26154 | Elf:3    | Identified the ring "Rowef" {rC+ Int+3 Dex+4}
 26170 | Elf:3    | Got Bunituts's Lessons on the Plateau and Frostbite
 26175 | Elf:3    | Identified the +7 flail of the Delicate God {flame, Contam
                  | Will+++ SInv}
 26182 | Elf:3    | Identified the +1 war axe "Joewa" {flame, *Noise Int+7
                  | Dex+2 Stlth+}
 26185 | Elf:3    | Identified the staff of conjuration "Hilis" {rElec Will+}
 26209 | Elf:3    | Noticed a deep elf master archer
 26438 | Elf:3    | Noticed a deep elf master archer
 26454 | Elf:3    | Killed a deep elf blademaster
 26457 | Elf:3    | Noticed a deep elf blademaster
 26474 | Abyss:3  | Cast into level 3 of the Abyss (a deep elf sorcerer)
 26475 | Abyss:3  | Found a corrupted altar of Lugonu.
 26545 | Abyss:3  | Reached XP level 17. HP: 163/163 MP: 17/17
 26610 | Abyss:3  | Found a corrupted altar of Lugonu.
 26674 | Abyss:3  | Lost intelligence.
 26704 | Abyss:3  | Found a corrupted altar of Lugonu.
 26818 | Abyss:3  | Paralysed by accursed screaming for 2 turns
 26822 | Abyss:3  | Paralysed by accursed screaming for 2 turns
 26823 | Abyss:3  | HP: 7/163 [efreet/+4 scimitar of flaming (8)]
 26823 | Abyss:3  | Killed from afar by a starcursed mass

Illustrated notes

Levels and vault maps discovered:
D:1:      ncdulo_halloftheorcs, layout_basic, nicolae_shop_vocational
D:2:      layout_rooms, uniq_jessica
D:3:      layout_basic, lemuel_coloured_pillars_altar, okawaru_ov_weapons_minmay
D:4:      layout_rooms
D:5:      layout_rooms, mainiacjoe_overflow_divided_tiny, enter_ossuary_5,
          roderic_batcave, uniq_sigmund
D:6:      layout_basic, riverfiend_overflow_shadow_ancestor,
          mainiacjoe_overflow_big_doors, overflow_temple_1_default, temple_hall,
          minivault_5, corexii_checkpoint_a, nrook_mini_backslash,
          uniq_eustachio
D:7:      layout_loops_ring, kennysheep_mini_moat, serial_demonic,
          serial_demonic_b, serial_demonic_d, serial_demonic_b,
          serial_demonic_a, serial_demonic_g, uniq_duvessa,
          uniq_crazy_yiuf_cottage, uniq_pikel
D:8:      layout_basic, hellmonk_ghost_happy_afterlife, serial_shops, shop,
          nicolae_shop_window_shopping, uniq_erica, uniq_maggie
D:9:      layout_basic, orc_0_dummy, nicolae_straight_to_the_point
D:10:     layout_rooms, amcnicky_altar_gilded, serial_ice, serial_ice_n,
          serial_ice_c, serial_ice_l, serial_ice_b, minivault_25,
          chequers_avenue, billiards_dpeg
D:11:     layout_loops_ring, erik_lair_island, minmay_increasing_density,
          uniq_erolcha
D:12:     minmay_curly_fans, layout_basic, enter_trove_2
D:13:     layout_long_grid, ximxim_vaults_locker_room, disabler_island
D:14:     layout_grid_maze, serial_shops, shop, nicolae_shop_mannequins, shop,
          kennysheep_little_box, serial_bayou_shore_b
D:15:     gammafunk_enter_depths_forms, layout_loops_ring,
          roderic_lattice_octagonal_star, ebering_ghost_reflecting_pool,
          elyvilon_altar_4
Lair:1:   layout_cave_shapes, uniq_urug, uniq_gastronok
Lair:2:   layout_cave_pods, minmay_shoals_entry_centaurs
Lair:3:   layout_chaotic_city, nicolae_spider_entry_lesser_pyramids,
          pdpol_lair_neglected_garden
Lair:4:   cheibrodos_lair_river_kwai, layout_regular_city,
          minmay_slime_entry_jelly_boxes, uniq_nessos
Lair:5:   evilmike_catoblepas_cave, layout_misc_corridors, serial_bayou_lagoon_b
Spider:1: layout_spider_delve
Orc:1:    layout_diamond_mine
Orc:2:    st_orc_mages, layout_diamond_mine, basic_altar
Elf:1:    minmay_the_grid_octo_tiled_squarecenter [minmay_the_grid_octo_chip,
          minmay_the_grid_octo_vomiting_pacman, minmay_the_grid_octo_empty,
          minmay_the_grid_octo_thin_diamonds,
          minmay_the_grid_square_5x5_megaprize_crossed,
          minmay_the_grid_square_5x5_moneybag, minmay_the_grid_square_5x5_three,
          minmay_the_grid_square_5x5_bracketed,
          minmay_the_grid_square_5x5_fat_x], layout_gridlike, serial_shops,
          nicolae_shop_pleasant_corner_grove, basic_altar
Elf:2:    elven_hall_of_blades_hangedman_original [nicolae_blade_tridents],
          layout_loops_cross, uniq_roxanne
Elf:3:    elf_hall, layout_gridlike
Abyss:3:  base: Depths:3, evilmike_abyss_exit_plants

Skill      XL: |  1  2  3  4  5  6  7  8  9 10 11 12 13 14 15 16 17 |
---------------+----------------------------------------------------+-----
Armour         | 4 5 6 7 9 10 12 13 14 15 16 17 | 17.7
Shields        | 4 5 6 7 8 9 11 13 16 18 19 | 19.0
Fighting       | 4 6 8 10 11 12 14 15 16 17 18 | 18.0
Long Blades    | 3 5 7 9 11 12 14 15 16 17 18 19 | 19.6
Dodging        | 1 2 3 4 5 |  5.4
Stealth        | 1 |  1.9
Invocations    | 1 2 |  2.3
Evocations     | 2 |  2.2

Action                     |  1- 3 |  4- 6 |  7- 9 | 10-12 | 13-15 | 16-18 || total
---------------------------+-------+-------+-------+-------+-------+-------++-------
  Melee: Long sword        |    47 |   145 |    32 |       |       |       ||   224
         Headbutt          |     6 |    26 |    46 |   138 |   389 |   185 ||   790
         Scimitar          |       |       |   158 |    31 |   123 |       ||   312
         Demon blade       |       |       |    79 |   535 |   473 |       ||  1087
         Double sword      |       |       |       |       |   849 |   661 ||  1510
 Invoke: Heroism           |       |       |     3 |     7 |     5 |     1 ||    16
  Evoke: Wand              |       |       |       |    11 |       |       ||    11
    Use: Potion            |     5 |       |     1 |       |     2 |       ||     8
         Scroll            |       |     9 |       |     5 |    10 |     6 ||    30
 Armour: Scale mail        |    21 |    81 |    22 |       |       |       ||   124
         Chain mail        |       |       |    79 |    13 |       |       ||    92
         Plate armour      |       |       |       |   217 |   361 |       ||   578
         Skin              |       |       |       |     1 |       |       ||     1
         Crystal plate arm |       |       |       |       |   660 |   429 ||  1089
  Dodge: Dodged            |    19 |    88 |   118 |   143 |   312 |   157 ||   837
  Block: Buckler           |    13 |    54 |    66 |   121 |       |       ||   254
         Kite shield       |       |       |       |    75 |   581 |       ||   656
         Tower shield      |       |       |       |       |   662 |   808 ||  1470
